 Dungeon Crawl Stone Soup version 0.28.0-49-g6dfe1f597d (console) character file.

Game seed: 15829480636179195338

1523 Faeu the Chopper (level 8, -6/73 HPs)
             Began as a Minotaur Berserker on May 11, 2022.
             Was a Believer of Trog.
             Hit by a javelin thrown by a centaur (9 damage)
             ... in a bailey on May 12, 2022.
             The game lasted 00:14:05 (6653 turns).

Faeu the Chopper (Minotaur Berserker)               Turns: 6653, Time: 00:14:05

Health: -6/73      AC: 10    Str: 24    XL:     8   Next: 54%
Magic:  7/7        EV: 10    Int:  4    God:    Trog [**....]
Gold:   218        SH:  0    Dex: 10    Spells: 7/7 levels left

rFire   . . .      SeeInvis .   a - +0 hand axe {axe}
rCold   . . .      Faith    .   (no shield)
rNeg    . . .      Spirit   .   p - +0 chain mail
rPois   .          Reflect  .   (helmet restricted)
rElec   .          Harm     .   (no cloak)
rCorr   .          Rampage  .   (no gloves)
Will    .....                   (no boots)
Stlth   ..........              (no amulet)
HPRegen 0.22/turn               (no ring)
MPRegen 0.10/turn               (no ring)

@: no status effects
A: horns 2, retaliatory headbutt
a: Renounce Religion, Berserk, Trog's Hand


You were in a bailey.
You worshipped Trog.
Trog was pleased with you.
You visited 1 branch of the dungeon, and saw 7 of its levels.
You also visited: Bailey.

You collected 218 gold pieces.


Innate Abilities, Weirdness & Mutations

You have a pair of horns on your head.
You reflexively headbutt those who attack you in melee.


   Skills:
 + Level 7.5 Fighting
 + Level 7.8 Axes
 + Level 6.2 Armour
 + Level 6.1 Dodging
 - Level 0.2 Stealth


You had 7 spell levels left.
You didn't know any spells.
Your spell library contained the following spells:

 Spells                   Type           Power      Damage    Failure   Level
 Animate Skeleton         Necr           0%         N/A       98%         1
 Pain                     Necr           0%         1d4       98%         1
 Ensorcelled Hibernation  Hex/Ice        0%         N/A       99%         2
 Passwall                 Tmut/Erth      0%         N/A       99%         2
 Ozocubu's Armour         Ice            0%         N/A       100%        3
 Swiftness                Air            0%         N/A       100%        3
 Vampiric Draining        Necr           0%         2d6       100%        3
 Ozocubu's Refrigeration  Ice            0%         4d5       100%        7

Inventory:

Hand Weapons
 a - a +0 hand axe (weapon) {axe}
 j - a +2 short sword of draining {short}
   (You took it off an orc on level 3 of the Dungeon)
 t - a +0 short sword of venom {short}
   (You found it on level 5 of the Dungeon)
Missiles
 u - 2 atropa-tipped darts {throwing}
 x - 13 stones (quivered) {throwing}
Armour
 b - a +0 animal skin
 p - a +0 chain mail (worn)
   (You found it on level 4 of the Dungeon)
Jewellery
 q - a ring of fire
   (You found it on level 4 of the Dungeon)
 r - a +6 ring of intelligence
   (You found it on level 4 of the Dungeon)
Scrolls
 d - 3 scrolls of teleportation {@r4}
 e - 2 scrolls of identify {@r1}
 k - a scroll of enchant weapon {unknown}
 m - a scroll of amnesia {unknown}
 o - a scroll of blinking {unknown}
 s - a scroll of immolation {unknown}
 y - a scroll of vulnerability {unknown}
 A - a scroll of brand weapon {unknown}
Potions
 c - a potion of mutation {unknown}
 f - 2 potions of degeneration {unknown}
 g - a potion of berserk rage {unknown}
 h - 3 potions of lignification {!q}
 i - a potion of invisibility {unknown}
 l - a potion of cancellation {unknown}
 n - 2 potions of might {unknown}
 v - 2 potions of magic {unknown}
 w - a potion of flight {unknown}
 z - a potion of heal wounds {unknown}

Dungeon Overview and Level Annotations

Branches:
Dungeon (7/15)             Bailey (1/1)
 Temple: D:4-7

Altars:
Makhleb

Shops:
D:3 (

Annotations:
D:6 1 runed translucent door, Exodus22XD's ghost, novice HOMo

##≈≈....≈≈≈≈≈≈≈..≈≈..#
#≈≈...≈≈≈.)...≈≈≈.≈≈.#
≈≈⌠..≈≈..≈≈≈≈≈..≈≈.≈.##
≈≈$.≈≈.≈≈≈...≈≈≈.≈.≈≈.#
≈$..≈.≈≈..⌠.⌠..≈.≈≈.≈.#
≈...≈.....∩∩∩..≈....≈.#
≈$..≈.≈≈..⌠.⌠..≈.≈≈.≈.#
≈≈$.≈≈.≈≈≈...≈≈≈.≈.≈≈.#
≈≈⌠..≈≈..≈≈≈≈≈oo≈≈.≈o##
#≈≈...≈≈≈.....≈≈≈c≈≈.#
##≈≈....≈≈≈≈≈≈≈.@≈≈c.#
##≈..≈≈.......≈≈≈o⌠.#
#≈...≈≈≈≈≈≈≈≈≈o...##
#≈.........o..#####
###+##########


You could see 2 centaurs and 6 orcs.


Message History

The world spins around you as you enter the gateway.
You enter a bailey!
The orc shouts! x2; You hear a shout! x2
Found two gates leading back out of this place.
There is an empty arch of ancient stone here.
An orc comes into view. It is wielding a +0 halberd.
The orc shouts!
A centaur comes into view. It is wielding a +0 spear.
The centaur throws a javelin.
The javelin closely misses you.
An orc comes into view. It is wielding a +0 trident.
There is a fountain of clear blue water here.
An orc comes into view. It is wielding a +0 spear.
Why would you want to do that? The orc hits you but does no damage.
A centaur comes into view. It is wielding a +0 halberd.
The centaur shouts!
The centaur throws a javelin.
The javelin pierces through you. 😕 HP[-5]
You take 5 damage, and now have 68/73 hp.
The centaur completely misses you.
The centaur hits you from afar with a +0 halberd. 😕 HP[-4]
You take 4 damage, and now have 64/73 hp.
The orc shouts!
The centaur throws a javelin.
The javelin pierces through you! 😮 HP[-12]
You take 12 damage, and now have 52/73 hp.
The centaur throws a javelin.
The javelin pierces through you. 😮 HP[-2]
You take 2 damage, and now have 50/73 hp.
The orc misses you. You furiously retaliate!
You headbutt the orc!
You kill the orc!
Trog accepts your kill.
Things that are here:
a +0 trident {polearm}; a +0 ring mail The centaur throws a javelin.
The javelin misses you.
The centaur throws a javelin.
The javelin barely misses you.
An orc comes into view. It is wielding a +0 trident. 😮 HP[+1]
The orc closely misses you.
The orc hits you from afar with a +0 halberd. 😮 HP[-3]
You take 3 damage, and now have 48/73 hp.
The centaur throws a javelin.
The javelin barely misses you. 😮 HP[+1]
The centaur throws a javelin.
The javelin barely misses you.
The centaur throws a javelin.
The javelin barely misses you.
The orc hits you from afar with a +0 halberd!
The orc hits you from afar with a +0 halberd. 😮 HP[-8]
You take 8 damage, and now have 41/73 hp.
The orc hits you but does no damage. x2; The centaur throws a javelin.
The javelin pierces through you.
* * * LOW HITPOINT WARNING * * *
😨 HP[-6]
You take 6 damage, and now have 35/73 hp.
The orc closely misses you. The orc barely misses you. 😨 HP[+1]
The orc barely misses you.
The centaur throws a javelin.
The javelin pierces through you.
* * * LOW HITPOINT WARNING * * *
😨 HP[-5]
You take 5 damage, and now have 31/73 hp.
The centaur throws a javelin.
The javelin barely misses you. 😨 HP[+1]
The orc barely misses you.
The centaur throws a javelin.
The javelin pierces through you.
* * * LOW HITPOINT WARNING * * *
😨 HP[-6]
You take 6 damage, and now have 26/73 hp.
The centaur throws a javelin.
The javelin pierces through you!
* * * LOW HITPOINT WARNING * * *
The orc hits you from afar with a +0 halberd.
* * * LOW HITPOINT WARNING * * *
The centaur misses you. 😱 HP[-11]
You take 11 damage, and now have 15/73 hp.
The orc closely misses you. The centaur hits you with a +0 halberd.
* * * LOW HITPOINT WARNING * * *
The centaur kicks you but does no damage.
The orc closely misses you.
The orc hits you but does no damage. 😱 HP[-2]
You take 2 damage, and now have 13/73 hp.
You hit the centaur. The centaur hits you with a +0 halberd.
* * * LOW HITPOINT WARNING * * *
The centaur closely misses you.
The orc hits you from afar with a +0 halberd.
* * * LOW HITPOINT WARNING * * *
The orc hits you but does no damage. The orc closely misses you. 😱 HP[-4]
You take 4 damage, and now have 9/73 hp.
You hit the centaur but do no damage. You headbutt the centaur.
You punch the centaur, but do no damage.
The centaur hits you with a +0 halberd.
* * * LOW HITPOINT WARNING * * *
The centaur kicks you but does no damage.
The orc hits you from afar with a +0 halberd.
* * * LOW HITPOINT WARNING * * *
The centaur throws a javelin.
The javelin pierces through you!
You die...

Skill      XL: |  1  2  3  4  5  6  7  8 |
---------------+-------------------------+-----
Fighting       | 4 5 6 7 |  7.5
Axes           | 4 5 6 7 |  7.8
Dodging        | 3 4 5 6 |  6.1
Armour         | 3 4 5 6 |  6.2
Stealth        | |  0.2

Action                   |  1- 3 |  4- 6 |  7- 9 || total
-------------------------+-------+-------+-------++-------
Melee: Hand axe          |    76 |   110 |   130 ||   316
       Headbutt          |     6 |    18 |    25 ||    49
       Punch             |       |     3 |     3 ||     6
Throw: Stone             |       |       |     8 ||     8
  Use: Scroll            |       |       |     2 ||     2
 Stab: Sleeping          |       |     1 |       ||     1
Armor: Animal skin       |    15 |     7 |       ||    22
       Chain mail        |       |    29 |    73 ||   102
Dodge: Dodged            |    57 |    51 |    85 ||   193

Levels and vault maps discovered:
D:1:      dpeg_arrival_arbitrary_c, layout_basic,
          shapermc_ecumenical_altar_flowoftime
D:2:      layout_basic, grunt_ministairs_5
D:3:      layout_rooms, serial_shops, nicolae_shop_waterfront,
          minmay_misc_feat_doors, kennysheep_cross_bottleneck
D:4:      layout_rooms, mainiacjoe_overflow_tiny_flanked, serial_bayou_lagoon_b
D:5:      layout_layer_cave, minmay_tree_intersection
D:6:      cheibrodos_helix_gallery, layout_basic, ebering_ghost_reflecting_pool,
          item_on_display_a
D:7:      layout_basic, ashenzari_altar_1, minmay_temple_entry_purple_smoke,
          serial_shops, shop, enter_bailey_3, minivault_1, centaur_isle
Bailey:   bailey_polearm_flooded_kennysheep, bailey

Notes
Turn   | Place    | Note
-------+----------+-------------------------------------------
     0 | D:1      | Faeu the Minotaur Berserker began the quest for the Orb.
     0 | D:1      | Reached XP level 1. HP: 19/19 MP: 0/0
     0 | D:1      | magus.rc [v1.9.6]
    85 | D:1      | Found a faded altar of an unknown god.
   179 | D:1      | Reached skill level 4 in Fighting
   179 | D:1      | Reached XP level 2. HP: 17/27 MP: 1/1
   364 | D:1      | Reached skill level 4 in Axes
  1405 | D:2      | Reached XP level 3. HP: 24/33 MP: 2/2
  1661 | D:3      | Noticed a phantom
  1670 | D:3      | Found Uska's Weapon Emporium.
  1818 | D:2      | magus.rc [v1.9.6]
  1826 | D:3      | Killed a phantom
  1827 | D:3      | Reached skill level 5 in Axes
  1827 | D:3      | Reached skill level 3 in Dodging
  1827 | D:3      | Reached XP level 4. HP: 24/41 MP: 3/3
  1984 | D:3      | Reached XP level 5. HP: 31/47 MP: 4/4
  2194 | D:3      | Reached skill level 5 in Fighting
  2972 | D:4      | Reached ** piety under Trog
  2973 | D:4      | Reached skill level 3 in Armour
  3265 | D:4      | Reached XP level 6. HP: 36/56 MP: 5/5
  3424 | D:4      | Found a burning altar of Makhleb.
  3447 | D:4      | Reached skill level 6 in Axes
  3447 | D:4      | Reached skill level 4 in Dodging
  3542 | D:4      | You add the spells Ozocubu's Armour and Ozocubu's
                  | Refrigeration to your library.
  3661 | D:4      | Reached skill level 4 in Armour
  3857 | D:5      | Entered Level 5 of the Dungeon
  3881 | D:5      | Reached XP level 7. HP: 55/62 MP: 6/6
  3934 | D:5      | Reached skill level 6 in Fighting
  4077 | D:5      | Reached skill level 5 in Dodging
  4388 | D:5      | You pick up a book of Burglary {forbidden} and begin
                  | reading...
  4388 | D:5      | You add the spells Passwall, Ensorcelled Hibernation and
                  | Swiftness to your library.
  4539 | D:5      | Reached skill level 7 in Axes
  4539 | D:5      | Reached skill level 5 in Armour
  4773 | D:5      | Reached XP level 8. HP: 58/71 MP: 7/7
  5868 | D:6      | Reached skill level 7 in Fighting
  5886 | D:6      | Found a runed translucent door.
  5888 | D:6      | Noticed Exodus22XD's ghost (novice HOMo)
  6234 | D:6      | You pick up a book of Necromancy {forbidden} and begin
                  | reading...
  6234 | D:6      | You add the spells Pain, Animate Skeleton and Vampiric
                  | Draining to your library.
  6262 | D:6      | Reached skill level 6 in Armour
  6285 | D:6      | Reached skill level 6 in Dodging
  6563 | D:7      | Found a flagged portal.
  6608 | Bailey   | Entered a bailey
  6650 | Bailey   | HP: 17/73 [centaur/javelin (9)]
  6653 | Bailey   | HP: 7/73 [centaur/+0 halberd (2)]
  6653 | Bailey   | HP: 3/73 [orc/+0 halberd (4)]
  6653 | Bailey   | Hit by a javelin thrown by a centaur

Vanquished Creatures
  2 sky beasts (D:5)
  2 black bears
  3 necrophages
  3 phantoms
  3 scorpions (D:5)
  A water moccasin zombie (D:5)
  A water moccasin skeleton (D:4)
  A jelly (D:4)
  An orc priest (D:3)
  2 hounds
  An iguana (D:5)
  2 orc wizards
  A killer bee zombie (D:6)
  3 gnolls
  2 howler monkey skeletons (D:6)
  4 adders
  A white imp (D:5)
  2 ufetubi
  3 worms
  2 dart slugs
  12 orcs
  6 endoplasms
  2 giant cockroaches (D:1)
  A hobgoblin (D:4)
  2 jackals (D:1)
  2 kobolds
  A quokka (D:1)
  6 ball pythons
  3 bats
  5 frilled lizards
  7 goblins
  3 rats (D:1)
90 creatures vanquished.

Vanquished Creatures (others)
  A plant (D:4)
1 creature vanquished.

Grand Total: 91 creatures vanquished

Table legend:
 A = Non-vault XP
 B = Vault XP
 C = Vault XP percentage of total XP
 D = Non-vault monster count
 E = Vault monster count
 F = Vault count percentage of total count
                 A         B        C        D         E       F
            +---------+---------+-------+---------+---------+-------
      Total |    2133 |      44 |   2.0 |      81 |       9 |  10.0
            +---------+---------+-------+---------+---------+-------
        D:1 |      28 |       0 |   0.0 |      16 |       0 |   0.0
        D:2 |      11 |       4 |  26.7 |       8 |       2 |  20.0
        D:3 |     243 |       0 |   0.0 |      17 |       0 |   0.0
        D:4 |     441 |       0 |   0.0 |      16 |       0 |   0.0
        D:5 |     868 |       0 |   0.0 |      16 |       0 |   0.0
        D:6 |     542 |      29 |   5.1 |       8 |       2 |  20.0
        D:7 |       0 |       8 | 100.0 |       0 |       4 | 100.0
     Bailey |       0 |       3 | 100.0 |       0 |       1 | 100.0
            +---------+---------+-------+---------+---------+-------

Illustrated notes

Table legend:
 A = Kills in this place as a percentage of kills in entire the game.
 B = Kills by you in this place as a percentage of kills by you in the entire game.
 C = Kills by friends in this place as a percentage of kills by friends in the entire game.
 D = Other kills in this place as a percentage of other kills in the entire game.
 E = Experience gained in this place as a percentage of experience gained in the entire game.
 F = Experience gained in this place divided by the number of levels of this place that you have seen.
                   A       B       C       D       E      F
               +-------+-------+-------+-------+-------+----------------------
         Total | 100.0 | 100.0 |   N/A |   N/A | 100.0 | 272.1
       Dungeon |  98.9 |  98.9 |   N/A |   N/A |  99.9 | 310.6
        Bailey |   1.1 |   1.1 |   N/A |   N/A |   0.1 |   3.0
               +-------+-------+-------+-------+-------+----------------------

Table legend: (Time is in decaauts)
 A = Elapsed time spent in this place.
 B = Non-inter-level travel time spent in this place.
 C = Inter-level travel time spent in this place.
 D = Time resting spent in this place.
 E = Time spent auto-exploring this place.
 F = Levels seen in this place.
 G = Mean time per level.
                   A        B        C        D        E       F      G
               +--------+--------+--------+--------+--------+-----+--------+
         Total |   6674 |   6376 |    298 |   1165 |   3828 |   8 |  834.2 |
       Dungeon |   6629 |   6331 |    298 |   1165 |   3828 |   7 |  947.0 |
        Bailey |     44 |     44 |      0 |      0 |      0 |   1 |   44.0 |
               +--------+--------+--------+--------+--------+-----+--------+

Top non-repeatable levels by time:
     D:5: 1952 daAuts
     D:3: 1150 daAuts
     D:4: 1009 daAuts
     D:2: 997 daAuts
     D:1: 722 daAuts
     D:6: 681 daAuts
     D:7: 115 daAuts
  Bailey: 44 daAuts
